 Dungeon Crawl Stone Soup version 0.29-a0-541-gaf1fc19f1b (webtiles) character file.

Game seed: 8283458007015011771

56 pyrow613 the Ruffian (level 3, -2/55 HPs)
             Began as a Troll Berserker on June 2, 2022.
             Was a Believer of Trog.
             Slain by a gnoll
             ... wielding a +0 halberd
              (15 damage)
             ... on level 2 of the Dungeon.
             The game lasted 00:01:27 (678 turns).

pyrow613 the Ruffian (Troll Berserker)               Turns: 678, Time: 00:01:28

Health: -2/55      AC:  4    Str: 25    XL:     3   Next: 69%
Magic:  2/2        EV: 10    Int:  5    God:    Trog [**....]
Gold:   43         SH:  0    Dex:  9    Spells: 2/2 levels left

rFire   . . .      SeeInvis .     - Unarmed
rCold   . . .      Faith    .   (no shield)
rNeg    . . .      Spirit   .   a - +0 animal skin
rPois   .          Reflect  .   (helmet restricted)
rElec   .          Harm     .   (no cloak)
rCorr   .          Rampage  .   (gloves unavailable)
Will    .....                   (boots unavailable)
Stlth   ..........              (no amulet)
HPRegen 0.98/turn               (no ring)
MPRegen 0.08/turn               (no ring)

@: berserking, very quick
A: large, unfitting armour, claws 3, regeneration 1, shaggy fur 1, tough skin 1
a: Renounce Religion, Berserk, Trog's Hand


You were on level 2 of the Dungeon.
You worshipped Trog.
Trog was pleased with you.
You visited 1 branch of the dungeon, and saw 2 of its levels.

You collected 43 gold pieces.

Inventory:

Armour
 a - a +0 animal skin (worn)
Scrolls
 b - 4 scrolls of identify {unknown}
 d - a scroll of amnesia {unknown}
 e - a scroll of enchant weapon {unknown}
Potions
 c - a potion of haste {unknown}
 f - a potion of heal wounds {unknown}


   Skills:
 * Level 3.0 Fighting
 + Level 2.9 Dodging
 + Level 3.6 Unarmed Combat


You had 2 spell levels left.
You didn't know any spells.
Your spell library was empty.

Dungeon Overview and Level Annotations

Branches:
Dungeon (2/15)

Altars:


Innate Abilities, Weirdness & Mutations

You are too large for most types of armour.
You have claws for hands.
Your natural rate of healing is unusually fast.
You are covered in fur. (AC +1)
You have tough skin. (AC +1)


Message History

You slide downwards.
The hatch slams shut behind you.
e - a scroll labelled EDA QOBEUPIONY You see here a +0 spear.
No target in view!
b - 4 scrolls labelled PEDEKETTOOR (gained 1)
Found an escape hatch in the floor.
No target in view!
Found 20 stones.
No target in view!
You see here 20 stones.
A hobgoblin comes into view.
The hobgoblin shouts!
A hobgoblin is nearby!
The hobgoblin misses you.
A hobgoblin is nearby!
You closely miss the hobgoblin.
A hobgoblin is nearby!
You closely miss the hobgoblin. The hobgoblin closely misses you.
You claw the hobgoblin!
You kill the hobgoblin!
Trog accepts your kill.
No target in view!
You see here a hobgoblin corpse.
f - a sedimented brown potion A sourceless malevolence fills the Dungeon... and a teleportation trap spontaneously manifests!
You are yanked towards some nearby monsters!
Your surroundings suddenly seem different. 3 gnolls come into view.
Found a lead wand.
The gnoll shouts! x3
The gnoll hits you with a +0 halberd!
A red film seems to cover your vision as you go berserk!
You feel yourself moving faster!
You feel mighty!
The gnoll hits you from afar with a +0 spear.
The gnoll hits you with a +0 halberd!
You barely miss the gnoll.
The gnoll hits you from afar with a +0 spear.
* * * LOW HITPOINT WARNING * * *
The gnoll hits you with a +0 halberd!
You die... #.#####.###. #ggg@./..... #######.#.##

You could see 3 gnolls.

Vanquished Creatures
  A gnoll (D:1)
  A dart slug (D:1)
  An endoplasm (D:1)
  5 goblins (D:1)
  4 hobgoblins
  7 jackals (D:1)
  5 kobolds (D:1)
  2 quokkas (D:1)
  5 ball pythons (D:1)
  4 frilled lizards (D:1)
  7 rats (D:1)
42 creatures vanquished.

Notes
Turn   | Place    | Note
-------+----------+-------------------------------------------
     0 | D:1      | pyrow613 the Troll Berserker began the quest for the Orb.
     0 | D:1      | Reached XP level 1. HP: 22/22 MP: 0/0
    94 | D:1      | Reached XP level 2. HP: 29/29 MP: 1/1
   178 | D:1      | Reached XP level 3. HP: 36/36 MP: 2/2
   185 | D:1      | Reached ** piety under Trog
   678 | D:2      | Slain by a gnoll

Illustrated notes

Levels and vault maps discovered:
D:1:      saegor_arrival_fortress, layout_rooms, minmay_ruptured
D:2:      layout_loops_ring

Skill      XL: |  1  2  3 |
---------------+----------+-----
Fighting       | 3 |  3.0
Dodging        | |  2.9
Unarmed Combat | |  3.6

Action                   || total
-------------------------++-------
Melee: Unarmed           ||    93
       Punch             ||     3
Invok: Berserk           ||     1
Armor: Animal skin       ||    23
Dodge: Dodged            ||    45

Table legend: (Time is in decaauts)
 A = Elapsed time spent in this place.
 B = Non-inter-level travel time spent in this place.
 C = Inter-level travel time spent in this place.
 D = Time resting spent in this place.
 E = Time spent auto-exploring this place.
 F = Levels seen in this place.
 G = Mean time per level.
                   A        B        C        D        E       F      G
               +--------+--------+--------+--------+--------+-----+--------+
         Total |    672 |    654 |     18 |      0 |    464 |   2 |  336.0 |
       Dungeon |    672 |    654 |     18 |      0 |    464 |   2 |  336.0 |
               +--------+--------+--------+--------+--------+-----+--------+

Top non-repeatable levels by time:
     D:1: 627 daAuts
     D:2: 45 daAuts
